Map: Pride of Altaris LE

Players

Nina

  • Race: Protoss Protoss
  • League: Grandmaster

AgoElazer (Elazer) - Winner!

  • Race: Zerg Zerg

Event: DreamHack SC2 Masters Last Chance 2022

VOD

Have the link to the VOD?

Description

Time

  • Played on: Dec. 19, 2021, 9 p.m.
  • Length: 11:25

All games in this series

Show
View Real Time Build Order
Export as new Build Order

Nina Protoss 

Build Orders: 1 Gate Expand, Oracle Opening 

Get SALT Encoding   

  12  0:00  Probe  
  13  0:12  Probe  
  14  0:19  Pylon  
  14  0:24  Probe  
  15  0:38  Gateway  
  15  0:39  Probe (Chrono Boost)  
  16  0:48  Assimilator  
  16  0:49  Probe (Chrono Boost)  
  17  0:53  Probe (Chrono Boost)  
  18  1:05  Probe  
  19  1:18  Probe  
  20  1:27  Nexus  
  20  1:38  Cybernetics Core  
  20  1:39  Probe  
  21  1:52  Probe  
  21  1:53  Assimilator  
  22  1:57  Pylon  
  22  2:04  Probe  
  23  2:12  Adept (Chrono Boost)  
  25  2:16  Probe  
  26  2:23  Stargate  
  26  2:28  Probe (Chrono Boost)  
  27  2:31  Warp Gate  
  28  2:37  Adept  
  28  2:39  Probe (Chrono Boost)  
  28  2:41  Probe (Chrono Boost)  
  31  2:48  Probe x2 (Chrono Boost)  
  33  2:53  Probe (Chrono Boost)  
  33  2:54  Probe  
  33  2:57  Gateway  
  35  3:05  Probe  
  35  3:06  Probe  
  35  3:08  Oracle (Chrono Boost)  
  40  3:17  Probe, Pylon  
  40  3:18  Probe  
  42  3:30  Probe  
  42  3:31  Probe  
  42  3:32  Void Ray  
  44  3:37  Assimilator  
  48  3:41  Assimilator  
  48  3:42  Probe  
  48  3:43  Probe  
  50  3:52  Pylon  
  50  3:54  Probe  
  50  3:55  Probe  
  52  4:06  Probe  
  52  4:07  Probe  
  54  4:15  Void Ray (Chrono Boost)  
  53  4:18  Probe  
  53  4:19  Adept  
  53  4:22  Probe  
  61  4:25  Protoss Air Weapons Level 1  
  61  4:29  Pylon  
  61  4:30  Probe  
  62  4:31  Stargate  
  62  4:35  Nexus  
  62  4:37  Pylon  
  62  4:47  Probe x2  
  64  4:55  Fleet Beacon  
  64  4:58  Void Ray (Chrono Boost)  
  64  4:59  Probe x2  
  70  5:08  Void Ray (Chrono Boost)  
  70  5:09  Shield Battery  
  70  5:11  Probe x2  
  72  5:15  Pylon  
  72  5:20  Pylon  
  76  5:24  Probe  
  76  5:26  Pylon  
  77  5:30  Probe  
  77  5:35  Robotics Facility  
  78  5:41  Probe  
  78  5:42  Void Ray  
  83  5:55  Tempest  
  88  6:00  Probe (Chrono Boost)  
  88  6:03  Probe x2 (Chrono Boost)  
  91  6:05  Shield Battery  
  92  6:12  Probe (Chrono Boost)  
  92  6:16  Probe x2 (Chrono Boost)  
  92  6:17  Probe (Chrono Boost)  
  95  6:23  Shield Battery  
  95  6:24  Probe x2  
  97  6:26  Probe  
  97  6:31  Carrier  
  104  6:36  Probe x2  
  104  6:37  Assimilator x2  
  104  6:38  Probe  
  107  6:43  Pylon  
  107  6:44  Protoss Air Weapons Level 2  
  107  6:48  Probe  
  107  6:52  Probe  
  109  6:56  Robotics Bay  
  109  6:57  Probe  
  109  7:01  Probe  
  111  7:08  Gateway x2  
  111  7:11  Shield Battery  
  111  7:12  Gateway, Shield Battery  
  111  7:14  Gateway  
  111  7:15  Forge  
  111  7:16  Zealot x2  
  111  7:19  Carrier (Chrono Boost)  
  121  7:27  Gateway  
  121  7:28  Gateway  
  121  7:35  Carrier (Chrono Boost)  
  119  7:42  Zealot x2  
  110  7:58  Disruptor  
  106  8:05  Pylon x2  
  109  8:06  Pylon  
  109  8:07  Pylon x3  
  109  8:10  Pylon  
  109  8:13  Pylon  
  105  8:24  Pylon  
  105  8:25  Pylon  
  105  8:27  Twilight Council, Nexus, Carrier (Chrono Boost)  
  105  8:30  Pylon  
  105  8:33  Zealot x2  
  115  8:36  Void Ray (Chrono Boost)  
  115  8:39  Observer  
  116  8:46  Pylon  
  120  8:54  Shield Battery  
  120  8:55  Zealot  
  122  9:05  Templar Archives  
  122  9:06  Observer  
  122  9:08  Photon Cannon  
  122  9:25  Photon Cannon  
  122  9:34  Carrier  
  128  9:39  Disruptor (Chrono Boost)  
  131  9:52  Zealot x2  
  135  9:54  Gateway  
  135  9:55  Void Ray  
  128  10:05  Shield Battery  
  132  10:10  Photon Cannon  
  132  10:12  Photon Cannon, Shield Battery  
  132  10:15  Assimilator  
  132  10:38  High Templar x2  
  132  10:42  Archon  
  102  11:02  Probe  
  99  11:12  Zealot x2  
Show
View Real Time Build Order
Export as new Build Order

AgoElazer Zerg - Winner!

Build Orders: Hatch First 

Get SALT Encoding   

  12  0:00  Drone  
  13  0:12  Overlord  
  13  0:17  Drone  
  14  0:30  Drone x2  
  14  0:34  Drone  
  17  0:54  Drone  
  18  0:58  Hatchery  
  18  0:59  Drone  
  18  1:08  Extractor  
  17  1:14  Spawning Pool  
  17  1:17  Drone  
  17  1:20  Drone  
  18  1:29  Drone  
  19  1:38  Drone  
  20  1:49  Drone  
  20  1:52  Hatchery  
  20  2:00  Drone  
  21  2:11  Drone, Queen  
  21  2:13  Drone  
  25  2:21  Overlord  
  25  2:22  Queen  
  27  2:25  Drone  
  28  2:39  Drone  
  28  2:40  Metabolic Boost, Zergling x2  
  28  2:43  Drone  
  31  2:44  Zergling x2  
  31  2:46  Queen  
  34  2:54  Drone  
  34  2:57  Drone  
  36  3:03  Queen  
  36  3:04  Overlord  
  38  3:10  Drone x2  
  40  3:18  Overlord  
  40  3:20  Drone x2  
  40  3:23  Queen  
  44  3:29  Overlord  
  44  3:32  Zergling x4  
  46  3:34  Drone  
  46  3:35  Drone  
  46  3:38  Spore Crawler  
  47  3:42  Drone x4  
  51  3:52  Drone  
  51  3:54  Overlord  
  56  3:55  Drone x4  
  56  4:02  Spore Crawler  
  55  4:03  Drone x3  
  55  4:05  Queen  
  61  4:10  Drone x3  
  64  4:19  Zergling x2  
  64  4:20  Zergling x4  
  66  4:25  Overlord  
  66  4:29  Queen  
  68  4:32  Roach Warren, Extractor  
  68  4:33  Drone x4, Extractor  
  68  4:36  Overlord  
  68  4:37  Overlord  
  69  4:43  Spore Crawler  
  65  4:46  Drone x2  
  65  4:47  Drone x4  
  65  4:52  Overlord  
  72  4:57  Drone x3  
  75  5:02  Drone x4  
  75  5:06  Overlord  
  79  5:07  Lair  
  79  5:08  Drone x3, Extractor  
  79  5:11  Queen  
  83  5:16  Queen  
  83  5:20  Overlord  
  85  5:22  Drone x4  
  85  5:26  Zergling x6  
  92  5:32  Evolution Chamber  
  92  5:35  Overlord  
  90  5:39  Roach x3  
  90  5:40  Zergling x2  
  90  5:41  Zergling x12  
  103  5:47  Queen  
  103  5:50  Overlord  
  103  5:52  Overlord  
  103  5:53  Queen  
  103  6:02  Roach  
  104  6:05  Zerg Missile Weapons Level 1  
  104  6:09  Queen  
  106  6:20  Roach x7  
  106  6:22  Hatchery  
  117  6:26  Queen, Overlord  
  117  6:32  Overlord x2  
  120  6:33  Overlord  
  120  6:41  Overlord x2  
  120  6:45  Hatchery, Queen  
  120  6:53  Spore Crawler  
  114  6:58  Zergling x22  
  114  7:00  Ravager x6  
  114  7:01  Ravager x5  
  136  7:06  Queen x2  
  140  7:10  Zergling x12  
  146  7:16  Zergling x6  
  145  7:24  Zergling x2  
  145  7:25  Zergling x2  
  145  7:27  Queen  
  146  7:36  Zergling x14  
  141  7:42  Drone x4  
  141  7:43  Spire  
  134  7:48  Drone  
  127  7:58  Drone x4  
  128  7:59  Queen  
  128  8:00  Zerg Ground Armor Level 1  
  128  8:04  Drone  
  130  8:07  Queen x2  
  130  8:10  Drone x5  
  139  8:14  Drone x4  
  139  8:18  Drone x2  
  145  8:24  Extractor  
  145  8:25  Extractor, Overlord  
  143  8:29  Drone x5  
  143  8:34  Overlord  
  147  8:35  Drone x3  
  147  8:37  Extractor  
  147  8:38  Drone, Extractor  
  149  8:54  Hatchery  
  148  9:04  Overlord x3  
  148  9:10  Corruptor x9  
  148  9:11  Corruptor x2  
  170  9:18  Corruptor x2  
  170  9:22  Corruptor x2  
  177  9:25  Corruptor  
  179  9:35  Corruptor  
  179  9:36  Corruptor x2  
  185  9:44  Corruptor x2  
  177  9:58  Corruptor x3  
  179  10:04  Corruptor  
  179  10:06  Drone x3  
  179  10:07  Drone x8  
  189  10:09  Drone x2  
  191  10:23  Extractor x2  
  185  10:37  Corruptor x7  
  176  10:47  Queen x2, Roach x9  
  178  10:53  Roach x4  
  173  11:00  Zergling x2  
  173  11:01  Zergling x6  

Tags
 
Add a new tag
Caveats
  • Supply blocks, unpowered buildings, or Contaminate may cause inaccurate times.
  • Supply counts are checked every 10 seconds.